 Dungeon Crawl Stone Soup version 0.27.1-33-g824d729ab1 (webtiles) character file.

Game seed: 1649632196539647723

1 SensoryNuts the Skirmisher (level 1, -2/19 HPs)
             Began as a Draconian Fighter on Dec 6, 2021.
             Slain by a quokka (4 damage)
             ... on level 1 of the Dungeon.
             The game lasted 00:00:13 (64 turns).

SensoryNuts the Skirmisher (Draconian Fighter)        Turns: 64, Time: 00:00:13

Health: -2/19      AC:  4    Str: 18    XL:     1   Next: 16%
Magic:  1/1        EV: 10    Int:  8    God:
Gold:   7          SH:  8    Dex: 10    Spells: 0/0 levels left

rFire    . . .     SeeInvis .   a - +0 war axe
rCold    . . .     Faith    .   b - +0 kite shield
rNeg     . . .     Spirit   .   (armour unavailable)
rPois    .         Reflect  .   (helmet restricted)
rElec    .         Harm     .   (no cloak)
rCorr    .         Rampage  .   (no gloves)
Will     .....                  (no boots)
Stlth    +.........             (no amulet)
HPRegen  0.06/turn              (no ring)
MPRegen  0.07/turn              (no ring)

@: no status effects
A: AC +4, unfitting armour, cold-blooded
a: no special abilities


You were on level 1 of the Dungeon.
You visited 1 branch of the dungeon, and saw 1 of its levels.

You collected 7 gold pieces.

Inventory:

Hand Weapons
 a - a +0 war axe (weapon)
Armour
 b - a +0 kite shield (worn)
Potions
 c - a potion of might


   Skills:
 + Level 3.3 Fighting
 + Level 2.0 Axes
 + Level 2.6 Dodging
 + Level 3.0 Shields


You couldn't memorise any spells.
You didn't know any spells.
Your spell library was empty.

Dungeon Overview and Level Annotations

Branches:
Dungeon (1/15)

Altars:


Innate Abilities, Weirdness & Mutations

Your plain brown scales are hard. (AC +4)
You cannot fit into any form of body armour.
You are cold-blooded and may be slowed by cold attacks.


Message History

Found a stone staircase leading down.
The bat hits you. You block the bat's attack.
The bat hits you but does no damage.
You miss the bat.
Your tail-slap misses the bat.
The bat misses you. The bat hits you but does no damage.
A bat is nearby!
A bat is nearby!
You block the bat's attack.
Found a scroll labelled XEUSUCS FUELAN and a purple potion.
The bat hits you but does no damage.
You hit the bat.
You kill the bat!
A quokka is nearby!
A quokka comes into view.
The quokka misses you.
The quokka moves out of view.
A goblin comes into view. It is wielding a +0 club.
The quokka barely misses you.
You closely miss the quokka.
The quokka twitches its whiskers.
You block the quokka's attack.
The quokka bites you but does no damage.
You hit the quokka.
The quokka is heavily wounded.
You block the quokka's attack. x2
The quokka bites you. x2
You barely miss the quokka. You closely miss the quokka.
You barely miss the goblin. You block the quokka's attack.
You block the goblin's attack. You block the quokka's attack.
The quokka bites you. The goblin hits you with a +0 club.
The quokka barely misses you.
You completely miss the quokka. You closely miss the quokka.
You barely miss the goblin. The quokka bites you. The quokka barely misses you.
The goblin hits you with a +0 club. The quokka barely misses you.
The quokka bites you but does no damage.
The goblin hits you with a +0 club.
* * * LOW HITPOINT WARNING * * *
You hit the quokka but do no damage. You closely miss the quokka.
You hit the goblin. You block the quokka's attack. The quokka bites you.
* * * LOW HITPOINT WARNING * * *
The quokka bites you.
You die...

#.........##
#......!....
#...........
#..#....>...
#..#........
#..#........
#..rr...?...
############...@g......
#..(....##)...#........
##''####.†.....#........
.......##.#.#..#........
.♣.≈≈..##..........##.##
....≈..###.....###.. ..
#P..≈≈≈# #...#.# ### #
#..≈≈..# #####.#
#.≈≈≈.≈# #..


You could see 2 quokkas and a goblin.

Vanquished Creatures
  A bat (D:1)
  A frilled lizard (D:1)
2 creatures vanquished.

Vanquished Creatures (others)
  3 plants (D:1)
3 creatures vanquished.

Grand Total: 5 creatures vanquished

Notes
Turn   | Place    | Note
-------+----------+-------------------------------------------
     0 | D:1      | SensoryNuts the Draconian Fighter began the quest for the
                  | Orb.
     0 | D:1      | Reached XP level 1. HP: 19/19 MP: 1/1
    64 | D:1      | Slain by a quokka

Illustrated notes

Levels and vault maps discovered:
D:1:      lightli_arrival_windingriver, layout_rooms

Action                   || total
-------------------------++-------
Melee: War axe           ||    14
       Tailslap          ||     3
Armor: Skin              ||     5
Dodge: Dodged            ||     8
Block: Kite shield       ||    10
